 Dungeon Crawl Stone Soup version 0.26-a0-466-g989023bd0d (webtiles) character file.

Game seed: 18254692114962167812

98172 astrid the Unseen (level 15, 0/85 HPs)
             Began as a Spriggan Chaos Knight on Aug 13, 2020.
             Was a Plaything of Xom.
             Killed from afar by a shock serpent (20 damage)
             ... with a bolt of electricity
             ... on level 1 of the Snake Pit.
             The game lasted 01:10:32 (22660 turns).

astrid the Unseen (Spriggan Chaos Knight)          Turns: 22660, Time: 01:10:33

Health: 0/85       AC:  8    Str: 11    XL:     15   Next: 74%
Magic:  30/30      EV: 31    Int: 12    God:    Xom [..*...]
Gold:   2562       SH:  8    Dex: 25    Spells: 25/34 levels left

rFire    . . .     SeeInvis +   b - +3 scimitar (flame)
rCold    . . .     Faith    .   h - +0 buckler
rNeg     . . .     Spirit   .   H - +0 troll leather armour
rPois    +         Reflect  .   (helmet restricted)
rElec    .         Harm     .   U - +2 cloak {rPois}
rCorr    .                      (gloves unavailable)
MR       +++..                  (boots unavailable)
Stlth    +++++++...             u - amulet of regeneration
HPRegen  1.04/turn              D - +6 ring of dexterity
MPRegen  0.22/turn              R - ring of protection from magic

@: hasted, constricted, very quick
A: very small, unfitting armour, see invisible, agile 1, blink, dopey 1, speed
3, robust 1, weak 1, subdued magic 1
a: Blink, Renounce Religion


You were on level 1 of the Snake Pit.
You worshipped Xom.
You were a toy of Xom.
You visited 4 branches of the dungeon, and saw 24 of its levels.
You also visited: Gauntlet and Volcano.

You collected 3028 gold pieces.
You spent 466 gold pieces at shops.

Inventory:

Hand Weapons
 a - a +9 quick blade of electrocution
 b - a +3 scimitar of flaming (weapon)
Missiles
 n - 104 poisoned darts (quivered)
 v - 37 boomerangs
 C - 2 curare-tipped darts
 I - 6 silver boomerangs
 J - 6 atropa-tipped darts
 T - 4 throwing nets
Armour
 h - a +0 buckler (worn)
 H - a +0 troll leather armour (worn)
 U - a +2 cloak of poison resistance (worn)
Jewellery
 l - an uncursed ring of flight
 u - an amulet of regeneration (around neck)
 x - an uncursed ring of protection from cold
 D - a +6 ring of dexterity (left hand)
 R - a ring of protection from magic (right hand)
Wands
 t - a wand of polymorph (8)
 y - a wand of acid (5)
 F - a wand of iceblast (12)
 L - a wand of clouds (2)
 M - a wand of flame (7)
 W - a wand of paralysis (4)
Scrolls
 c - 13 scrolls of remove curse
 e - 8 scrolls of identify
 f - 9 scrolls of teleportation
 i - a scroll of blinking
 j - 4 scrolls of amnesia
 s - 4 scrolls of enchant armour
 w - 2 scrolls of immolation
 B - 2 scrolls of fear
 G - 4 scrolls of fog
 P - a scroll of holy word
 Z - a scroll of enchant weapon
Potions
 d - 2 potions of degeneration
 g - a potion of invisibility
 k - 2 potions of might
 m - 2 potions of stabbing
 o - 17 potions of curing
 p - 5 potions of flight
 q - a potion of cancellation
 r - 5 potions of brilliance
 z - 5 potions of lignification
 A - 4 potions of magic
 E - 3 potions of ambrosia
 N - 4 potions of haste
 O - 4 potions of resistance
 Q - a potion of heal wounds
Miscellaneous
 K - a phial of floods
 V - a tin of tremorstones (3/3)


   Skills:
 + Level 8.6 Fighting
 - Level 10.5 Short Blades
 + Level 8.4 Throwing
 * Level 5.1 Armour
 + Level 16.2 Dodging
 - Level 18.7 Stealth
 * Level 3.4 Shields
 - Level 10.0 Spellcasting
 - Level 3.0 Conjurations
 - Level 4.0 Translocations
 - Level 6.0 Air Magic
 - Level 8.2 Poison Magic
 + Level 3.8 Evocations


You had 25 spell levels left.
You knew the following spells:

 Your Spells              Type           Power        Failure   Level
a - Blink                 Tloc           N/A          4%          2
b - Mephitic Cloud        Conj/Pois/Air  ###.....     4%          3
c - Olgreb's Toxic Radia  Pois           ###.....     5%          4

Your spell library contained the following spells:

 Spells                   Type           Power        Failure   Level
 Poisonous Vapours        Pois/Air       ###...       1%          2
 Swiftness                Air            ###.....     1%          2
 Shock                    Conj/Air       ##..         2%          1
 Sting                    Tmut/Pois      ##..         2%          1
 Magic Dart               Conj           ##..         4%          1
 Corpse Rot               Necr/Air       N/A          7%          2
 Searing Ray              Conj           ##....       7%          2
 Static Discharge         Conj/Air       ##......     8%          3
 Gell's Gravitas          Tloc           ##........   10%         3
 Lesser Beckoning         Tloc           ##........   10%         3
 Teleport Other           Tloc           ##......     10%         3
 Airstrike                Air            ###.......   14%         4
 Freeze                   Ice            #...         17%         1
 Pain                     Necr           #...         17%         1
 Summon Small Mammal      Summ           #...         17%         1
 Ignite Poison            Fire/Tmut/Pois #.......     17%         3
 Call Imp                 Summ           #.......     26%         2
 Slow                     Hex            #.......     26%         2
 Sublimation of Blood     Necr           #.........   26%         2
 Conjure Flame            Conj/Fire      #.......     28%         3
 Dazzling Flash           Conj/Hex       #.....       28%         3
 Passage of Golubria      Tloc           N/A          32%         4
 Iskenderun's Mystic Bla  Conj/Tloc      ##......     38%         4
 Summon Lightning Spire   Summ/Air       ##......     45%         4
 Call Canine Familiar     Summ           #.......     47%         3
 Frozen Ramparts          Ice            #.....       47%         3
 Ozocubu's Armour         Ice            #.......     47%         3
 Summon Guardian Golem    Hex/Summ       #.......     47%         3
 Lightning Bolt           Conj/Air       ##........   61%         5
 Fulminant Prism          Conj/Hex       #.........   67%         4
 Hailstorm                Conj/Ice       #.......     67%         4
 Silence                  Hex/Air        ##........   82%         5
 Cause Fear               Hex            #.........   87%         4
 Dispel Undead            Necr           #.......     87%         4
 Summon Ice Beast         Ice/Summ       #.......     87%         4
 Agony                    Necr           #.......     99%         5
 Yara's Violent Unravell  Hex/Tmut       #.........   99%         5
 Discord                  Hex            #.........   100%        8


Dungeon Overview and Level Annotations

Branches:
Dungeon (15/15)            Temple (0/1) D:7            Lair (6/6) D:11
  Swamp (0/4) Lair:3        Snake (1/4) Lair:2        Slime (0/5) Lair:5
    Orc (2/2) D:10            Elf (0/3) Orc:2        Vaults (0/5) D:14
 Depths (0/5) D:15        Volcano (visited)         Gauntlet (visited)

Altars:
Dithmenos
Hepliaklqana
Kikubaaqudgha
Makhleb
Sif Muna
Uskayaw
Vehumet
Xom
Zin
Beogh

Shops:
D:9 *   D:10 *   D:14 }   Orc:1 :   Orc:2 ![:(

Portals:
Trove: D:15 (give +4 demon blade)

Annotations:
D:13 exclusion: downstairs
Lair:5 1 runed translucent door


Innate Abilities, Weirdness & Mutations

You are very small and have problems with some larger weapons.
You are too small for most types of armour.
You have supernaturally acute eyesight. (SInv)
You cover ground extremely quickly.
You are agile. (Dex +2)
You can translocate small distances at will.
You are dopey. (Int -2)
You are robust. (+10% HP)
You are weak. (Str -2)
Your spells are a little easier to cast, but a little less powerful.


Message History

The anaconda constricts you. The black mamba completely misses you.
You hit the shock serpent. You burn the shock serpent.
The shock serpent is heavily wounded.
The shock serpent bites you but does no damage.
The anaconda bites you but does no damage.
The anaconda constricts you. The black mamba misses you.
You slash the shock serpent! You burn the shock serpent.
The shock serpent is severely wounded.
The shock serpent's electric aura discharges, shocking you!
* * * LOW HITPOINT WARNING * * *
You block the anaconda's attack.
* * * LOW HITPOINT WARNING * * *
The anaconda constricts you. The shock serpent misses you.
You block the black mamba's attack. The anaconda completely misses you.
* * * LOW HITPOINT WARNING * * *
The anaconda constricts you.
The shock serpent shoots out a bolt of lightning at you!
The bolt of electricity hits you!!
You die...
Xom laughs nastily!

.......................#
...†...)............#..#
##...†.))........#.....#
#................#.....##
....######.....?.##.....##
...##
#.......#...#..S##... ..##
##..........#†.S..... .##
#......S......S.b..> ..#
#.....@SN.....b..... ..##
##....S.....#....... #..#
#.................. #..#
##..).............. ##.##
#.............###. ##.#
#...########... #.##
#.#.## ##.# #.##.# ### #.#
#.#


You could see an anaconda, a naga ritualist, a shock serpent and a black mamba.

Vanquished Creatures
  Jorgrun (D:15)
  A fire giant (D:15)
  A stone giant (Orc:2)
  Azrael (D:15)
  A minotaur (Gauntlet)
  Snorg (Orc:1)
  A vault guard (D:15)
  A catoblepas (Lair:4)
  A centaur warrior (D:13)
  6 hydras
  3 anacondas
  5 two-headed ogres
  2 ogre magi (Orc:2)
  Urug (Lair:4)
  A tengu warrior (D:14)
  Nergalle (Orc:2)
  A fire crab (Volcano)
  A skeletal warrior (D:11)
  2 unseen horrors (D:15)
  3 naga ritualists (Snake:1)
  A lindwurm (Volcano)
  2 orc knights
  7 mana vipers (Snake:1)
  A wolf spider zombie (D:12)
  7 ugly things
  5 oklob plants (Lair:5)
  8 orc sorcerers
  2 manticores
  3 cyclopes
  3 elephants (Lair:6)
  14 black mambas
  2 naga magi (Snake:1)
  Joseph (D:9)
  A torpor snail (Lair:5)
  A centaur zombie (D:12)
  A gargoyle (D:15)
  2 cane toads
  2 kobold demonologists (D:15)
  2 yaktaurs
  A rime drake (Lair:5)
  An efreet (Gauntlet)
  A freezing wraith (D:13)
  12 komodo dragons
  5 trolls
  3 blink frogs (Lair:2)
  4 hornets (Lair:6)
  9 polar bears
  A meliai zombie (D:13)
  The ghost of Yorgos the Slasher, an amateur DsGl of Hepliaklqana (D:4)
  9 slime creatures
  5 hippogriffs
  A blink frog (shapeshifter) (D:15)
  10 spriggans
  2 shadows
  11 yaks
  3 fire bats (Volcano)
  5 fire elementals (D:15)
  2 steam dragons
  A warg (Orc:1)
  4 vampire mosquitoes
  3 swamp worms (Lair:3)
  9 water moccasins
  A soldier ant (D:13)
  3 nagas (Snake:1)
  Edmund (D:4)
  11 hell hounds
  6 porcupines
  A phantom (D:11)
  5 sky beasts
  4 boggarts (Lair:6)
  8 ice beasts
  15 orc warriors
  A necrophage (D:6)
  9 black bears
  30 wolves
  13 centaurs
  15 ogres
  12 crocodiles
  8 big kobolds (D:11)
  15 bullfrogs
  A wyvern zombie (D:14)
  6 scorpions
  11 wights
  5 killer bees
  3 howler monkeys
  9 hounds
  4 jellies
  4 centaur skeletons
  13 orc priests
  30 orc wizards
  A bullfrog skeleton (D:8)
  2 iguanas
  Ijyb (D:4)
  Natasha (D:4)
  9 worker ants
  A killer bee zombie (D:7)
  3 hound zombies
  A hound skeleton (D:4)
  A howler monkey zombie (D:7)
  A worker ant zombie (D:7)
  3 gnolls (D:8)
  A howler monkey skeleton (D:10)
  12 adders
  4 shadow imps
  3 white imps
  An ufetubus (D:6)
  2 adder skeletons (D:4)
  An adder zombie (D:7)
  A worm (D:3)
  5 dart slugs
  4 leopard geckos
  74 orcs
  4 giant cockroaches
  7 goblins
  2 hobgoblins (D:2)
  5 jackals
  21 kobolds
  4 quokkas
  A ball python (D:2)
  7 bats
  2 frilled lizards
  2 quokka skeletons
  6 rats
640 creatures vanquished.

Vanquished Creatures (collateral kills)
  A two-headed ogre (D:15)
  A komodo dragon (Lair:6)
  A fire bat (Volcano)
  2 yaks (Lair:6)
  A water moccasin (Lair:6)
  A big kobold (D:11)
  A kobold (D:15)
8 creatures vanquished.

Vanquished Creatures (others)
  A death knight (D:13)
  3 two-headed ogres
  A centaur warrior (D:14)
  An ogre mage (D:15)
  A tengu warrior (D:14)
  An iron troll (D:14)
  A skeletal warrior (D:14)
  An orc knight (D:13)
  Pikel (D:6)
  A manticore (D:11)
  A salamander (shapeshifter) (D:5)
  A centaur zombie (D:13)
  A black mamba (Lair:6)
  An apocalypse crab (D:13)
  5 centaur skeletons
  A gargoyle (D:11)
  A kobold demonologist (D:11)
  A komodo dragon (D:14)
  A freezing wraith (D:13)
  An ice devil (Gauntlet)
  A tengu conjurer (D:14)
  A troll (D:14)
  A hornet (D:15)
  A hippogriff (D:11)
  2 spriggans (Lair:6)
  2 yaks
  A shadow (D:13)
  2 fire elementals (Gauntlet)
  2 wraiths
  3 vampire mosquitoes
  A soldier ant (D:13)
  An acid dragon (D:13)
  4 orc warriors
  2 ice beasts (D:10)
  A black bear (D:10)
  A boggart (Lair:6)
  2 lemures (D:6)
  7 big kobolds
  A bullfrog (D:5)
  A water moccasin zombie (D:7)
  A water moccasin skeleton (D:8)
  A wight (D:6)
  2 killer bees
  A jelly (D:11)
  A bullfrog zombie (D:13)
  3 orc priests
  2 hounds (D:11)
  4 orc wizards
  A bullfrog skeleton (D:11)
  An iguana (D:10)
  2 worker ants
  A worker ant zombie (D:9)
  A howler monkey skeleton (D:5)
  A gnoll (D:8)
  A shadow imp (D:10)
  An adder skeleton (D:4)
  7 orcs
  A hobgoblin (D:2)
  A kobold (D:3)
  27 bushes
  5 fungi
  8 plants (Snake:1)
136 creatures vanquished.

Grand Total: 784 creatures vanquished

Notes
Turn   | Place    | Note
-------+----------+-------------------------------------------
     0 | D:1      | astrid the Spriggan Chaos Knight began the quest for the
                  | Orb.
     0 | D:1      | Reached XP level 1. HP: 11/11 MP: 2/2
     4 | D:1      | XOM: divination: detect items
   112 | D:1      | XOM: silly message
   224 | D:1      | Reached XP level 2. HP: 16/16 MP: 3/3
   266 | D:1      | XOM: silly message
   299 | D:1      | XOM: silly message
   433 | D:1      | XOM: silly message
   598 | D:1      | XOM: silly message
   773 | D:2      | XOM: silly message
   781 | D:2      | Reached skill level 1 in Stealth
   811 | D:2      | Reached XP level 3. HP: 19/19 MP: 4/4
   832 | D:2      | XOM: silly message
   835 | D:2      | XOM: divination: magic mapping
  1198 | D:2      | You fall into a shaft and drop 1 floor!
  1307 | D:3      | Found a hide-covered altar of Uskayaw.
  1307 | D:3      | Found a burning altar of Makhleb.
  1310 | D:3      | XOM: potion effect (invisibility)
  1322 | D:3      | Found an ancient bone altar of Kikubaaqudgha.
  1322 | D:3      | Found a shimmering blue altar of Sif Muna.
  1494 | D:3      | Reached XP level 4. HP: 24/24 MP: 5/5
  1500 | D:3      | Reached skill level 2 in Stealth
  1633 | D:3      | Found a shadowy altar of Dithmenos.
  1728 | D:3      | Reached XP level 5. HP: 22/28 MP: 6/6
  1822 | D:3      | XOM: 5-stop teleportation journey
  1929 | D:2      | XOM: 3-stop teleportation journey
  2134 | D:2      | XOM: 4-stop teleportation journey
  2341 | D:3      | XOM: stat loss: -1 Dex (14/15)
  2734 | D:4      | Noticed Edmund
  2741 | D:4      | Killed Edmund
  2741 | D:4      | Reached skill level 5 in Short Blades
  2741 | D:4      | Reached skill level 5 in Dodging
  2741 | D:4      | Reached skill level 3 in Stealth
  2741 | D:4      | Reached XP level 6. HP: 28/32 MP: 7/7
  2906 | D:4      | Noticed Ijyb
  2993 | D:4      | Killed Ijyb
  3170 | D:4      | XOM: 6-stop teleportation journey
  3199 | D:4      | XOM: swap monsters
  3203 | D:4      | XOM: silly message
  3204 | D:4      | Reached skill level 4 in Stealth
  3207 | D:4      | XOM: chaos cloud
  3207 | D:4      | XOM: smoke on damage
  3208 | D:4      | XOM: summons 1 hostile demon
  3281 | D:4      | Reached skill level 1 in Throwing
  3315 | D:4      | Noticed Natasha
  3318 | D:4      | Killed Natasha
  3318 | D:4      | Reached skill level 5 in Stealth
  3368 | D:4      | Reached XP level 7. HP: 35/37 MP: 8/8
  3467 | D:4      | Found a runed translucent door.
  3472 | D:4      | Noticed Yorgos's ghost (amateur DsGl)
  3693 | D:4      | Killed Yorgos's ghost
  3693 | D:4      | Reached skill level 6 in Stealth
  3742 | D:5      | Entered Level 5 of the Dungeon
  3746 | D:5      | Learned a level 2 spell: Blink
  3788 | D:5      | XOM: chaos cloud
  3791 | D:5      | XOM: draining
  3797 | D:5      | XOM: noise
  3861 | D:5      | Reached skill level 1 in Spellcasting
  3861 | D:5      | Reached skill level 1 in Translocations
  4074 | D:5      | Reached skill level 7 in Stealth
  4074 | D:5      | Noticed a shapeshifter
  4074 | D:5      | an orc warrior changed into a shapeshifter
  4074 | D:5      | XOM: polymorph orc warrior -> shapeshifter
  4074 | D:5      | Noticed a yak
  4074 | D:5      | a shapeshifter changed into a yak
  4075 | D:5      | Noticed a salamander
  4075 | D:5      | a yak changed into a salamander
  4076 | D:5      | XOM: silly message
  4085 | D:5      | XOM: fake destruction
  4089 | D:5      | Banished a salamander
  4089 | D:5      | Reached XP level 8. HP: 27/42 MP: 9/12
  4155 | D:5      | Reached skill level 8 in Stealth
  4366 | D:5      | XOM: give mutations
  4366 | D:5      | Gained mutation: Armour fits poorly on your strangely
                  | shaped body. [Xom's mischief]
  4366 | D:5      | Gained mutation: You are agile. (Dex +2) [Xom's mischief]
  4366 | D:5      | Gained mutation: You are dopey. (Int -2) [Xom's mischief]
  4465 | D:6      | Noticed Pikel
  4467 | D:6      | Found the cursed +13 scythe of Curses {drain, *Curse}
  4470 | D:6      | Killed Pikel
  4470 | D:6      | XOM: destruction
  4503 | D:6      | Found a radiant altar of Vehumet.
  4555 | D:6      | XOM: 2-stop teleportation journey
  4561 | D:6      | XOM: silly message
  4660 | D:6      | Reached skill level 9 in Stealth
  4775 | D:6      | XOM: cast spell 'Olgreb's Toxic Radiance'
  4954 | D:6      | XOM: enchant monster (good)
  4965 | D:6      | XOM: confuse monster(s)
  4971 | D:6      | Reached XP level 9. HP: 44/44 MP: 14/14
  4981 | D:6      | XOM: potion effect (haste)
  5351 | D:7      | Noticed a two-headed ogre
  5358 | D:7      | Killed a two-headed ogre
  5358 | D:7      | Reached skill level 11 in Stealth
  5365 | D:7      | XOM: potion effect (brilliance)
  5466 | D:7      | XOM: confuse monster(s)
  5500 | D:7      | XOM: cloud trail
  5559 | D:7      | XOM: cast spell 'Call Canine Familiar'
  5660 | D:7      | XOM: silly message
  5684 | D:7      | Found a staircase to the Ecumenical Temple.
  5882 | D:7      | Lost mutation: You are dopey. (Int -2) [potion of mutation]
  5882 | D:7      | Lost mutation: Armour fits poorly on your strangely shaped
                  | body. [potion of mutation]
  5882 | D:7      | Lost mutation: You are agile. (Dex +2) [potion of mutation]
  5882 | D:7      | Gained mutation: You are occasionally teleported next to
                  | monsters. [potion of mutation]
  5882 | D:7      | Gained mutation: You have a pair of small horns on your
                  | head. [potion of mutation]
  5882 | D:7      | Gained mutation: You are partially covered in molten
                  | scales. (AC +2) [potion of mutation]
  5882 | D:7      | Gained mutation: Your mind is acute. (Int +2) [potion of
                  | mutation]
  5883 | D:7      | Lost mutation: You have a pair of small horns on your head.
                  | [potion of mutation]
  5883 | D:7      | Lost mutation: You are occasionally teleported next to
                  | monsters. [potion of mutation]
  5883 | D:7      | Lost mutation: You are partially covered in molten scales.
                  | (AC +2) [potion of mutation]
  5883 | D:7      | Lost mutation: Your mind is acute. (Int +2) [potion of
                  | mutation]
  5883 | D:7      | Gained mutation: You are frail. (-10% HP) [potion of
                  | mutation]
  5883 | D:7      | Gained mutation: Your magical capacity is low. (-10% MP)
                  | [potion of mutation]
  5883 | D:7      | Gained mutation: Your spells are a little harder to cast,
                  | but a little more powerful. [potion of mutation]
  5883 | D:7      | Gained mutation: You expend magic power (3 MP) to
                  | strengthen your wands. [potion of mutation]
  5884 | D:7      | Lost mutation: Your magical capacity is low. (-10% MP)
                  | [potion of mutation]
  5884 | D:7      | Lost mutation: You are frail. (-10% HP) [potion of
                  | mutation]
  5884 | D:7      | Lost mutation: You expend magic power (3 MP) to strengthen
                  | your wands. [potion of mutation]
  5884 | D:7      | Lost mutation: Your spells are a little harder to cast, but
                  | a little more powerful. [potion of mutation]
  5884 | D:7      | Gained mutation: You are dopey. (Int -2) [potion of
                  | mutation]
  5884 | D:7      | Gained mutation: You evolve. [potion of mutation]
  5884 | D:7      | Gained mutation: You have sharp toenails. [potion of
                  | mutation]
  5941 | D:8      | XOM: summons 4 hostile shadow creatures
  5957 | D:8      | XOM: noise
  5966 | D:8      | Reached skill level 12 in Stealth
  5971 | D:8      | XOM: chaos upgrade
  5982 | D:8      | XOM: smoke on damage
  5986 | D:8      | XOM: enchant monster (bad)
  5992 | D:8      | XOM: chaos upgrade
  6100 | D:8      | Reached XP level 10. HP: 43/50 MP: 15/15
  6316 | D:8      | XOM: silly message
  6556 | D:8      | XOM: summons 2 hostile shadow creatures
  6589 | D:8      | Gained mutation: You are agile. (Dex +2) [evolution]
  6696 | D:8      | XOM: scenery: 1 doors open
  6885 | D:9      | Noticed Joseph
  6887 | D:9      | XOM: enchant monster (good)
  6893 | D:9      | Killed Joseph
  6999 | D:9      | Reached skill level 13 in Stealth
  7227 | D:9      | XOM: divination: detect items
  7266 | D:9      | Noticed a cyclops
  7269 | D:9      | Killed a cyclops
  7272 | D:9      | Got a shimmering mace
  7317 | D:9      | Identified the +9 mace "Itagiq" {freeze, rElec Str+3
                  | Stlth+} (You found it on level 9 of the Dungeon)
  7320 | D:9      | XOM: 1-stop teleportation journey
  7355 | D:9      | Found Zin's Purification Station.
  7357 | D:9      | Found a glowing silver altar of Zin.
  7431 | D:9      | Found a hazy altar of Hepliaklqana.
  7563 | D:10     | Entered Level 10 of the Dungeon
  7563 | D:10     | Noticed a two-headed ogre
  7564 | D:10     | Killed a two-headed ogre
  7564 | D:10     | Reached skill level 5 in Fighting
  7564 | D:10     | Reached skill level 10 in Dodging
  7564 | D:10     | Reached skill level 14 in Stealth
  7620 | D:10     | XOM: scenery: 1 doors close
  7639 | D:10     | Noticed an unseen horror
  7741 | D:10     | XOM: polymorph big kobold -> sky beast
  7754 | D:10     | Found Qyrram's Assorted Antiques.
  7775 | D:10     | Bought a brown potion for 29 gold pieces
  7909 | D:10     | XOM: cleaving
  7937 | D:10     | XOM: silly message
  7947 | D:10     | XOM: polymorph orc warrior -> big kobold
  8064 | D:10     | Found a staircase to the Orcish Mines.
  8126 | D:10     | Noticed a two-headed ogre
  8131 | D:10     | XOM: potion effect (haste)
  8138 | D:10     | Banished a two-headed ogre
  8138 | D:10     | Reached skill level 15 in Stealth
  8267 | D:10     | Reached XP level 11. HP: 54/54 MP: 16/16
  8303 | D:11     | XOM: fake destruction
  8367 | D:11     | XOM: summons 1 hostile demon
  8384 | D:11     | Found a staircase to the Lair.
  8569 | D:11     | XOM: swap monsters
  8663 | D:11     | XOM: swap monsters
  8678 | D:11     | XOM: give mutations
  8678 | D:11     | Gained mutation: You have razor-sharp toenails. [Xom's
                  | mischief]
  8678 | D:11     | Lost mutation: You have razor-sharp toenails. [Xom's
                  | mischief]
  8781 | D:11     | XOM: divination: detect creatures
  8787 | D:11     | XOM: noise
  8789 | D:11     | XOM: cast spell 'Summon Ice Beast'
  8799 | D:11     | XOM: noise
  8810 | D:11     | XOM: divination: magic mapping
  8818 | D:11     | Reached skill level 16 in Stealth
  8824 | D:11     | XOM: confusion (+ monsters)
  8827 | D:11     | XOM: enchant monster (good)
  8952 | D:11     | Noticed a skeletal warrior
  8959 | D:11     | Reached skill level 10 in Short Blades
  8965 | D:11     | XOM: snakes to sticks
  8966 | D:11     | XOM: summons 2 friendly demons
  8983 | D:11     | Killed a skeletal warrior
  9004 | D:11     | XOM: potion effect (stabbing)
  9141 | D:11     | XOM: butterfly on damage
  9209 | D:11     | Identified the Handbook of Dark Cold
  9267 | D:11     | XOM: scenery: create altars
  9433 | D:12     | XOM: potion effect (heal wounds)
  9441 | D:12     | Noticed a five-headed hydra
  9444 | D:12     | Reached skill level 5 in Throwing
  9469 | D:12     | XOM: enchant monster (bad)
  9471 | D:12     | Killed a five-headed hydra
  9490 | D:12     | XOM: enchant monster (bad)
  9505 | D:12     | Learned a level 3 spell: Mephitic Cloud
  9727 | D:12     | XOM: swap monsters
  9776 | D:12     | Gained mutation: Your spells are a little easier to cast,
                  | but a little less powerful. [evolution]
  9859 | D:12     | Reached skill level 17 in Stealth
  9859 | D:12     | Reached skill level 1 in Poison Magic
  9859 | D:12     | Reached XP level 12. HP: 60/60 MP: 16/18
  9891 | D:12     | Reached skill level 1 in Air Magic
 10051 | D:13     | XOM: noise
 10081 | D:13     | Noticed a centaur warrior
 10085 | D:13     | Killed a centaur warrior
 10085 | D:13     | Reached skill level 1 in Conjurations
 10224 | D:13     | XOM: smoke on damage
 10233 | D:13     | XOM: divination: detect creatures
 10581 | D:13     | XOM: summons 1 hostile shadow creature
 10582 | D:13     | Noticed a five-headed hydra
 11034 | D:14     | Noticed Rupert
 11034 | D:14     | Noticed a tengu warrior
 11038 | D:14     | Noticed a tengu warrior
 11045 | D:14     | Noticed Rupert
 11045 | D:14     | Rupert changed into Rupert the iron troll
 11045 | D:14     | XOM: polymorph Rupert -> Rupert the iron troll
 11068 | D:13     | XOM: divination: detect creatures
 11105 | D:13     | XOM: butterfly on damage
 11107 | D:13     | XOM: polymorph white ugly thing -> red ugly thing
 11138 | D:13     | XOM: chaos cloud
 11139 | D:13     | XOM: divination: detect items
 11165 | D:13     | Reached skill level 1 in Evocations
 11214 | D:14     | Reached skill level 5 in Spellcasting
 11228 | D:14     | XOM: potion effect (brilliance)
 11232 | D:14     | Reached skill level 18 in Stealth
 11274 | D:14     | XOM: 6-stop teleportation journey
 11275 | D:14     | Noticed a five-headed hydra
 11284 | D:14     | Killed a five-headed hydra
 11291 | D:14     | Found a gate to the Vaults.
 11291 | D:14     | Noticed an ironheart preserver
 11299 | D:14     | Banished an ironheart preserver
 11456 | D:14     | Noticed a centaur warrior
 11462 | D:14     | Banished a centaur warrior
 11489 | D:14     | XOM: destruction
 11518 | D:14     | Killed a tengu warrior
 11602 | D:14     | XOM: scenery: create altars
 11615 | D:14     | XOM: destruction
 11617 | D:14     | XOM: fog
 11623 | D:14     | Noticed a death knight
 11626 | D:14     | XOM: scenery: create altars
 11663 | D:13     | XOM: summons friendly ufetubus
 11696 | D:13     | XOM: cleaving
 11728 | D:13     | Reached XP level 13. HP: 29/65 MP: 22/22
 11879 | D:14     | XOM: enchant monster (good)
 11895 | D:14     | XOM: cleaving
 11903 | D:14     | XOM: butterfly on damage
 11907 | D:14     | XOM: god gift: runed quick blade {god gift}
 11977 | D:14     | Found Girafas's Gadget Emporium.
 12018 | D:14     | Banished Rupert the iron troll
 12074 | D:14     | XOM: polymorph deep elf mage -> glowing shapeshifter
 12094 | D:14     | XOM: swap monsters
 12253 | D:14     | XOM: divination: detect items
 12299 | D:15     | Entered Level 15 of the Dungeon
 12436 | D:15     | XOM: summons 1 hostile demon
 12490 | D:15     | XOM: confuse monster(s)
 12499 | D:15     | XOM: scenery: 2 doors close
 12508 | D:15     | Reached skill level 1 in Armour
 12574 | D:15     | Found a staircase to the Depths.
 12576 | D:15     | Noticed a fire giant
 12576 | D:15     | XOM: enchant monster (good)
 12605 | D:15     | Found a gate leading to a gauntlet.
 12614 | Gauntlet | Entered a Gauntlet
 12614 | Gauntlet | Found a transporter.
 12614 | Gauntlet | Found a transporter.
 12615 | Gauntlet | Found a transporter.
 12618 | Gauntlet | Found a transporter.
 12627 | Gauntlet | Noticed a blizzard demon
 12630 | Gauntlet | Found a transporter.
 12657 | Gauntlet | Found a transporter.
 12694 | Gauntlet | Found a transporter.
 12704 | Gauntlet | Found a transporter.
 12719 | Gauntlet | Found a transporter.
 12731 | Gauntlet | Found a transporter.
 12744 | Gauntlet | Found a transporter.
 12750 | Gauntlet | Found a transporter.
 12811 | Gauntlet | XOM: scenery: summon butterflies
 12840 | Gauntlet | XOM: scenery: summon butterflies
 12901 | Gauntlet | XOM: smoke on damage
 12999 | Gauntlet | XOM: fake destruction
 13042 | Gauntlet | Identified the +7 shortbow of Ecsiuh {vorpal, MR+ Str+2}
 13042 | Gauntlet | Noticed a minotaur
 13100 | Gauntlet | Killed a minotaur
 13107 | Gauntlet | Found the +4 Cigotuvi's embrace {rRot *Drain rN+}
 13110 | Gauntlet | Got a flickering turquoise ring
 13112 | Gauntlet | Identified the ring "Arrunuu" {*Tele Int+7} (You found it
                  | in a Gauntlet)
 13131 | D:15     | XOM: butterfly on damage
 13238 | D:15     | XOM: confuse monster(s)
 13248 | D:15     | XOM: destruction
 13262 | D:15     | XOM: confuse monster(s)
 13356 | D:15     | XOM: summons friendly ufetubus
 13476 | D:15     | XOM: confuse monster(s)
 13491 | D:15     | Killed a fire giant
 13491 | D:15     | Reached skill level 5 in Poison Magic
 13531 | D:15     | XOM: god gift: tin of tremorstones (3/3)
 13619 | D:14     | XOM: silly message
 13622 | D:14     | Learned a level 4 spell: Olgreb's Toxic Radiance
 13637 | D:15     | XOM: cast spell 'Summon Horrible Things'
 13674 | D:15     | Noticed Jorgrun
 13679 | D:15     | Killed Jorgrun
 13679 | D:15     | Reached skill level 5 in Air Magic
 13704 | D:15     | XOM: 1-stop teleportation journey
 13798 | D:15     | Noticed Azrael
 13815 | D:15     | XOM: enchant monster (bad)
 13881 | D:15     | XOM: confuse monster(s)
 13883 | D:15     | XOM: enchant monster (good)
 13890 | D:15     | Killed Azrael
 13890 | D:15     | Reached XP level 14. HP: 52/70 MP: 26/26
 14056 | D:15     | XOM: god gift: runed leather armour {god gift}
 14077 | D:15     | XOM: cloud trail
 14085 | D:15     | XOM: scenery: summon butterflies
 14096 | D:15     | XOM: god gift: embroidered cloak {god gift}
 14198 | D:15     | Found a portal to a secret trove of treasure.
 14372 | Lair:1   | Entered Level 1 of the Lair of Beasts
 14545 | Lair:1   | Gained mutation: You are robust. (+10% HP) [evolution]
 15362 | Lair:2   | Found a staircase to the Snake Pit.
 15476 | Lair:2   | XOM: 1-stop teleportation journey
 15617 | Lair:2   | XOM: cast spell 'Summon Horrible Things'
 15812 | Lair:2   | XOM: cleaving
 15908 | Lair:2   | XOM: 1-stop teleportation journey
 15958 | Lair:2   | XOM: noise
 16079 | Lair:3   | XOM: torment (40/77 hp)
 16174 | Lair:3   | XOM: summons 8 hostile demons
 16484 | Lair:3   | XOM: give mutations
 16484 | Lair:3   | Lost mutation: You evolve. [Xom's mischief]
 16484 | Lair:3   | Gained mutation: You are weak. (Str -2) [Xom's mischief]
 16484 | Lair:3   | Lost mutation: You have sharp toenails. [Xom's mischief]
 16484 | Lair:3   | Gained mutation: You can translocate small distances at
                  | will. [Xom's mischief]
 16585 | Lair:3   | XOM: noise
 16590 | Lair:3   | XOM: silly message
 16594 | Lair:3   | XOM: polymorph swamp worm -> anaconda
 16597 | Lair:3   | XOM: summons 3 hostile shadow creatures
 16610 | Lair:3   | XOM: torment (32/79 hp)
 16858 | Lair:3   | Found a staircase to the Swamp.
 16945 | Lair:3   | XOM: summons friendly ufetubus
 16963 | Lair:4   | Noticed Urug
 16970 | Lair:4   | Killed Urug
 17011 | Lair:4   | XOM: 8-stop teleportation journey
 17041 | Lair:4   | XOM: noise
 17088 | Lair:4   | Found a dark tunnel.
 17099 | Volcano  | Entered a volcano
 17224 | Volcano  | XOM: summons 6 friendly demons
 17227 | Volcano  | XOM: scenery: summon butterflies
 17432 | Lair:4   | XOM: 4-stop teleportation journey
 17537 | Lair:4   | XOM: god gift: 8 gold pieces
 18015 | Lair:5   | XOM: enchant monster (good)
 18043 | Lair:5   | XOM: enchant monster (good)
 18044 | Lair:5   | XOM: divination: detect items
 18090 | Lair:5   | Found a staircase to the Slime Pits.
 18135 | Lair:5   | XOM: divination: magic mapping
 18327 | Lair:5   | Found a runed translucent door.
 18387 | Lair:5   | XOM: potion effect (brilliance)
 18476 | Lair:5   | XOM: divination: detect items
 18477 | Lair:5   | XOM: potion effect (haste)
 18482 | Lair:5   | XOM: potion effect (stabbing)
 18593 | Lair:5   | Reached skill level 15 in Dodging
 18594 | Lair:5   | XOM: smoke on damage
 18799 | Lair:6   | Entered Level 6 of the Lair of Beasts
 18867 | Lair:6   | XOM: noise
 18872 | Lair:6   | XOM: divination: detect creatures
 18950 | Lair:6   | XOM: confuse monster(s)
 19002 | Lair:6   | XOM: summons friendly iron imp
 19159 | Lair:6   | XOM: divine lightning
 19163 | Lair:6   | Reached XP level 15. HP: 84/84 MP: 9/29
 19221 | Lair:6   | XOM: 1-stop teleportation journey
 19265 | Lair:6   | XOM: god gift: lightning rod (4/4)
 19266 | Lair:6   | XOM: summons 15 friendly demons
 19306 | Lair:6   | XOM: scenery: summon butterflies
 19550 | Lair:6   | XOM: enchant monster (good)
 19559 | Lair:6   | Reached skill level 10 in Spellcasting
 19614 | Lair:6   | XOM: destruction
 19968 | Lair:6   | XOM: god gift: crooked jewelled staff {god gift}
 19969 | Lair:6   | XOM: confuse monster(s)
 20339 | Orc:1    | Entered Level 1 of the Orcish Mines
 20339 | Orc:1    | Noticed Snorg
 20344 | Orc:1    | Killed Snorg
 20387 | Orc:1    | XOM: cleaving
 20482 | Orc:1    | You fall into a shaft and drop 1 floor!
 20482 | Orc:2    | Entered Level 2 of the Orcish Mines
 20585 | Orc:2    | XOM: summons 2 friendly demons
 20591 | Orc:2    | XOM: fog
 20594 | Orc:2    | XOM: divination: detect creatures
 20602 | Orc:2    | Reached skill level 1 in Shields
 20711 | Orc:2    | Found a staircase to the Elven Halls.
 20796 | Orc:1    | You fall into a shaft and drop 1 floor!
 20870 | Orc:1    | Found Uronyedikh's Book Boutique.
 21157 | Orc:2    | Found a roughly hewn altar of Beogh.
 21168 | Orc:2    | XOM: scenery: create altars
 21323 | Orc:2    | XOM: cloud trail
 21368 | Orc:2    | XOM is BORED!
 21368 | Orc:2    | XOM: noise
 21464 | Orc:2    | Found an ancient bone altar of Kikubaaqudgha.
 21465 | Orc:2    | Noticed Nergalle
 21474 | Orc:2    | XOM: noise
 21488 | Orc:2    | Killed Nergalle
 21490 | Orc:2    | Found Ywniy's Antique Armour Shop.
 21508 | Orc:2    | Found a radiant altar of Vehumet.
 21528 | Orc:2    | XOM: polymorph orc wizard -> steam dragon
 21534 | Orc:2    | XOM: summons friendly iron imp
 21554 | Orc:2    | Bought a shimmering cloak for 237 gold pieces
 21554 | Orc:2    | Identified the cursed +0 cloak of Immorality {Regen+} (You
                  | bought it in a shop on level 2 of the Orcish Mines)
 21579 | Orc:2    | Found a roughly hewn altar of Beogh.
 21579 | Orc:2    | Found Zaoprups's Book Shop.
 21606 | Orc:2    | XOM: swap monsters
 21619 | Orc:2    | Found Baer's Antique Weapon Boutique.
 21693 | Orc:2    | XOM: cast spell 'Leda's Liquefaction'
 21698 | Orc:2    | XOM: divination: detect creatures
 21723 | Orc:2    | Found Zehevvu's Distillery.
 21731 | Orc:2    | Bought a potion of haste for 100 gold pieces
 21731 | Orc:2    | Bought a potion of haste for 100 gold pieces
 22043 | Snake:1  | Entered Level 1 of the Snake Pit
 22056 | Snake:1  | XOM: noise
 22080 | Snake:1  | XOM: cast spell 'Statue Form'
 22092 | Snake:1  | XOM: divination: detect items
 22104 | Snake:1  | XOM: polymorph naga sharpshooter -> yaktaur
 22116 | Snake:1  | XOM: cast spell 'Dispersal'
 22466 | Snake:1  | XOM: scenery: summon butterflies
 22490 | Snake:1  | XOM: enchant monster (good)
 22491 | Snake:1  | XOM: cast spell 'Necromutation'
 22493 | Snake:1  | XOM: confuse monster(s)
 22498 | Snake:1  | XOM: confuse monster(s)
 22502 | Snake:1  | Reached skill level 5 in Armour
 22564 | Snake:1  | XOM: enchant monster (good)
 22575 | Snake:1  | XOM: scenery: summon butterflies
 22587 | Snake:1  | XOM: 4-stop teleportation journey
 22644 | Snake:1  | XOM: silly message
 22660 | Snake:1  | Killed from afar by a shock serpent

Illustrated notes

Levels and vault maps discovered:
D:1:      dpeg_arrival_orchard, layout_basic
D:2:      layout_basic
D:3:      layout_basic, grunt_temple_overflow_open,
          nicolae_dithmenos_shadow_blocks
D:4:      layout_loops_corners, ebering_ghost_reflecting_pool, st_stairs_6,
          uniq_ijyb, uniq_edmund, uniq_natasha
D:5:      layout_loops_ring
D:6:      layout_basic, basic_altar, uniq_pikel
D:7:      layout_loops_ring, minmay_temple_entry_enclosed_plants
D:8:      layout_basic, minmay_strange_pillars,
          minmay_fractal_squares_diagonal_5
D:9:      layout_loops_ring, lemuel_doored_altar, zin_purify, lightli_minifort,
          uniq_joseph
D:10:     layout_roguey, david_orc_4, serial_glass, glass_columns_a,
          glass_columns_a, feat_on_display, unseen_surprise_small,
          minmay_strange_pillars, feat_on_display, serial_shops,
          nicolae_shop_waterfront
D:11:     minmay_octagon_keep, layout_loops_cross, lair_entry_dummy,
          special_room [special_room_kobold], kennysheep_generic_room_16
D:12:     layout_loops_ring
D:13:     layout_loops_ring, nrook_mini_vaults, roderic_roman_lattice
D:14:     layout_rooms, skrybe_vaults_entry_preservation, serial_park_square2,
          serial_shops, nicolae_shop_window_shopping, uniq_rupert
D:15:     grunt_enter_depths_giant_problem, layout_irregular_city,
          enter_trove_5, minivault_23, gauntlet_entry_generic, uniq_jorgrun,
          uniq_azrael
Lair:1:   layout_concentric_octagons
Lair:2:   beast_lair_carwin_large_3, layout_cave_pods,
          guppyfry_snake_entry_island, forest_entry_grove
Lair:3:   layout_chaotic_city, palyth_hydra_swamp_entry, lemuel_fruit_tree,
          lemuel_fruit_fields, lemuel_fruit_fields, grunt_megastairs_3,
          infiniplex_staircase_pool
Lair:4:   layout_cave_pods, enter_volcano_3, st_stairs_8, uniq_urug
Lair:5:   layout_roguey, minmay_slime_entry_oklob_open, pf_torpor_hydra
Lair:6:   minmay_lair_end_enchanted_forest, layout_cave_pods
Snake:1:  layout_layer_cave, serial_bayou_ford_a, serial_bayou_shore_b
Orc:1:    layout_caves, serial_shops, shop, uniq_snorg
Orc:2:    kennysheep_orc_mage_school, layout_diamond_mine, basic_altar,
          nicolae_orc_rich_vein

Skill      XL: |  1  2  3  4  5  6  7  8  9 10 11 12 13 14 15 |
---------------+----------------------------------------------+-----
Dodging        | 4 5 6 7 8 10 12 13 15 16 | 16.2
Stealth        | 1 2 3 5 7 9 12 15 17 18 | 18.7
Fighting       | 3 4 5 6 7 8 |  8.6
Short Blades   | 4 5 6 7 8 9 10 | 10.5
Throwing       | 1 2 3 4 5 7 8 |  8.4
Spellcasting   | 2 3 5 7 9 10 | 10.0
Translocations | 3 4 |  4.0
Poison Magic   | 1 3 5 6 8 |  8.2
Air Magic      | 3 5 6 |  6.0
Conjurations   | 2 3 |  3.0
Evocations     | 2 3 |  3.8
Armour         | 2 4 5 |  5.1
Shields        | 3 |  3.4

Action                   |  1- 3 |  4- 6 |  7- 9 | 10-12 | 13-15 || total
-------------------------+-------+-------+-------+-------+-------++-------
Melee: Short sword       |    51 |       |       |       |       ||    51
       Dagger            |    52 |   125 |   291 |   635 |   203 ||  1306
       Kick              |       |       |    27 |   219 |   181 ||   427
       Quick blade       |       |       |       |       |  1222 ||  1222
       Scimitar          |       |       |       |       |     7 ||     7
Throw: Dart              |       |    19 |     8 |    35 |    62 ||   124
       Boomerang         |       |       |       |    13 |     6 ||    19
 Cast: Blink             |       |       |       |       |     3 ||     3
       Olgreb's Toxic Ra |       |       |       |       |     9 ||     9
Evoke: Wand              |       |       |       |     1 |     5 ||     6
       Phial of floods   |       |       |       |     1 |     1 ||     2
       Phantom mirror    |       |       |       |       |     1 ||     1
  Use: Scroll            |       |       |     9 |    17 |    17 ||    43
       Potion            |       |       |     3 |       |     4 ||     7
 Stab: Sleeping          |     2 |     7 |    21 |    49 |    60 ||   139
       Invisible         |     1 |     1 |       |       |       ||     2
       Distracted        |       |     2 |       |     3 |     9 ||    14
       Confused          |       |     1 |     2 |     2 |    11 ||    16
       Paralysed         |       |       |       |     1 |     1 ||     2
       Petrified         |       |       |       |     1 |       ||     1
Armor: Robe              |    15 |    14 |    10 |    28 |     1 ||    68
       Troll leather arm |       |       |       |       |    46 ||    46
       Skin              |       |       |       |       |     8 ||     8
Dodge: Dodged            |    63 |    83 |   188 |   405 |   835 ||  1574
Block: Buckler           |       |       |       |       |    87 ||    87
       Rpst.: Scimitar   |       |       |       |       |     2 ||     2

Table legend: (Time is in decaauts)
 A = Elapsed time spent in this place.
 B = Non-inter-level travel time spent in this place.
 C = Inter-level travel time spent in this place.
 D = Time resting spent in this place.
 E = Time spent auto-exploring this place.
 F = Levels seen in this place.
 G = Mean time per level.
                   A        B        C        D        E       F      G
               +--------+--------+--------+--------+--------+-----+--------+
         Total |  14879 |  13912 |    967 |   1925 |   8300 |  26 |  572.3 |
       Dungeon |   9439 |   8799 |    640 |   1254 |   5126 |  15 |  629.3 |
          Lair |   3596 |   3356 |    240 |    372 |   2340 |   6 |  599.3 |
     Snake Pit |    425 |    425 |      0 |    166 |    129 |   1 |  425.0 |
  Orcish Mines |    923 |    837 |     86 |     41 |    559 |   2 |  461.5 |
       Volcano |    150 |    150 |      0 |     45 |     42 |   1 |  150.0 |
      Gauntlet |    345 |    345 |      0 |     45 |    102 |   1 |  345.0 |
               +--------+--------+--------+--------+--------+-----+--------+

Top non-repeatable levels by time:
    D:15: 923 daAuts
     D:4: 909 daAuts
  Lair:6: 857 daAuts
    D:13: 856 daAuts
    D:11: 744 daAuts
     D:2: 686 daAuts
    D:14: 656 daAuts
   Orc:2: 632 daAuts
     D:1: 593 daAuts
  Lair:2: 588 daAuts
  Lair:3: 575 daAuts
  Lair:5: 570 daAuts
     D:9: 560 daAuts
     D:3: 559 daAuts
     D:8: 530 daAuts
